 Dungeon Crawl Stone Soup version 0.31-a0-544-gceb718ecc6 (webtiles) character file.

Game seed: 12316439746346814380

6066 wormstring the Grappler (level 10, -2/86 HPs)
             Began as a Pale Draconian Shapeshifter on Aug 15, 2023.
             Was a Follower of the Shining One.
             Killed from afar by a juvenile shocksting beast (14 damage)
             ... with a living lightning
             ... on level 10 of the Dungeon.
             The game lasted 00:09:36 (9966 turns).

wormstring the Grappler (DrSh)                      Turns: 9966, Time: 00:09:37

Health: -2/86      AC:  7    Str: 17    XL:     10   Next: 57%
Magic:  0/10       EV: 19    Int: 13    God:    the Shining One [*.....]
Gold:   248        SH:  0    Dex: 12    Spells: 9/9 levels left

rFire   . .          .
                       - Unarmed
rCold   . . .        (no shield)
rNeg    . . .        (body armour unavailable)
rPois   .            (helmet currently unavailable)
rElec   .            (cloak currently unavailable)
rCorr   .            (gloves currently unavailable)
SInv    +            (boots currently unavailable)
Will    .....        r - amulet of guardian spirit
Stlth   +            i - ring of see invisible
HPRegen 0.34/turn    C - +5 ring of evasion
MPRegen 0.12/turn

%: guardian spirit
@: lethally poisoned (-2 -> -5), beast-form, glowing
A: beast (slay +4), breathe steam, AC +7, unfitting armour, cold-blooded, steam
resistance
a: Breathe Steam, Begin Untransformation, Renounce Religion, Divine Shield


You were on level 10 of the Dungeon.
You worshipped the Shining One.
The Shining One was aware of your devotion.
You were a hulking beast.
You visited 2 branches of the dungeon, and saw 11 of its levels.
You also visited: Sewer.

You collected 499 gold pieces.
You spent 251 gold pieces at shops.

Inventory:

Missiles
 D - a throwing net
Jewellery
 i - a ring of see invisible (left hand)
 r - an amulet of guardian spirit (around neck)
 x - a ring of magical power
 y - a ring of flight
 C - a +5 ring of evasion (right hand)
Talismans
 b - a beast talisman (active)
 c - a flux talisman
Wands
 q - a wand of digging (4)
 u - a wand of charming (18)
 z - a wand of quicksilver (5)
Scrolls
 d - 2 scrolls of amnesia {unknown}
 e - 3 scrolls of enchant armour {unknown}
 k - 5 scrolls of teleportation {unknown}
 l - 2 scrolls of torment {unknown}
 m - 3 scrolls of brand weapon {unknown}
 n - 3 scrolls of revelation {unknown}
 s - 3 scrolls of enchant weapon {unknown}
 v - a scroll of fog
 w - 4 scrolls of vulnerability
 A - a scroll of silence
 E - a scroll of identify
Potions
 a - 2 potions of resistance
 f - 4 potions of enlightenment
 g - 3 potions of haste
 h - 3 potions of curing
 j - 6 potions of attraction
 o - 3 potions of heal wounds
 p - a potion of berserk rage
 t - 5 potions of brilliance


   Skills:
 + Level 7.0 Fighting
 + Level 6.1 Dodging
 * Level 9.9 Unarmed Combat
 * Level 8.5 Shapeshifting


You had 9 spell levels left.
You didn't know any spells.
Your spell library contained the following spells:

 Spells                   Type           Power      Damage    Failure   Level
 Foxfire                  Conj/Fire      0%         2x1d4     30%         1
 Blink                    Tloc           0%         N/A       43%         2
 Cigotuvi's Dreadful Rot  Necr/Pois/Air  0%         N/A       43%         2
 Sublimation of Blood     Necr           0%         N/A       43%         2
 Wereblood                Tmut           0%         N/A       43%         2
 Dazzling Flash           Conj/Hex       0%         N/A       67%         3
 Ignite Poison            Fire/Tmut/Pois 0%         N/A       67%         3
 Manifold Assault         Tloc           0%         N/A       97%         4
 Agony                    Necr           0%         N/A       100%        5
 Freezing Cloud           Conj/Ice/Air   0%         6-21      100%        5
 Silence                  Hex/Air        0%         N/A       100%        5
 Plasma Beam              Fire/Air       0%         2x1d10    100%        6
 Starburst                Conj/Fire      0%         6d3       100%        6
 Summon Hydra             Summ           0%         N/A       100%        7


Dungeon Overview and Level Annotations

Branches:
Dungeon (10/15)            Temple (1/1) D:6             Orc (0/2) D:10
  Sewer (visited)
   Lair: D:8-11

Altars:
Ashenzari
Cheibriados
Dithmenos
Elyvilon
Fedhas
Gozag
Hepliaklqana
Kikubaaqudgha
Makhleb
Nemelex Xobeh
Okawaru
Sif Muna
Trog
Uskayaw
Vehumet
Wu Jian
Xom
Yredelemnul
Zin
The Shining One

Shops:
D:2 !   D:4 [   D:6 [:   D:7 ((*:

Annotations:
D:10 2 runed translucent doors


Innate Abilities, Weirdness & Mutations

You are a hulking beast.
Your limbs bulge with bestial killing power. (Slay +4)
You can breathe blasts of scalding, opaque steam.
Your pale cyan-grey scales are hard. (AC +7)
You cannot fit into any form of body armour.
You are cold-blooded and may be slowed by cold attacks.
You are immune to the effects of steam.


Message History

The juvenile shocksting beast hits you!
The juvenile shocksting beast stings you but does no damage.
You punch the juvenile shocksting beast!
The juvenile shocksting beast is heavily wounded.
The larval batfire beast completely misses you.
The juvenile shocksting beast hits you!
The juvenile shocksting beast stings you.
You are poisoned.
The juvenile shocksting beast poisons you!
A larval oxsting beast comes into view.
Press: ? - help, v - describe, . - travel
Here: a larval batfire beast (haloed)
The floor.
You feel extremely sick.
The larval batfire beast barely misses you.
The juvenile shocksting beast bursts into living lightning!
The living lightning hits you!
The juvenile shocksting beast blinks!
As you read the scroll of fear, it crumbles to dust.
You assume a fearsome visage.
The larval batox beast looks frightened!
The larval oxsting beast looks frightened!
The larval oxsting beast croaks.
The juvenile shocksting beast looks frightened!
The larval batfire beast looks frightened!
The larval batsting beast looks frightened!
You feel very sick.
You feel very sick.
You feel very sick.
You feel very sick.
Cornered, the juvenile shocksting beast turns to fight!
You feel sick.
You feel sick.
The juvenile shocksting beast bursts into living lightning!
The living lightning hits you!!
* * * LOW HITPOINT WARNING * * *
The juvenile shocksting beast blinks!
You feel sick.
The juvenile shocksting beast bursts into living lightning!
The living lightning hits you!
You die...

##### ##...####
########.......#######
.....................#
...............#####.#
...............# ###
...............#
######.h......# # .
#H######.##.#...# #.#
#......... #.######.#
##........
......)).#####
##.......
......).>....# .##:.}.
# .......)####.# ..
... # ........# #.#
.H. .. #
........####'## #... .


You could see a juvenile shocksting beast.

Vanquished Creatures
  A cyclops (D:9)
  2 trolls
  A hornet (D:7)
  A shadow (D:10)
  5 yaks (D:9)
  A wyvern (D:9)
  2 wraiths
  A steam dragon (D:8)
  An ice beast (D:7)
  4 sky beasts
  An orc warrior (D:10)
  3 ogres
  3 centaurs
  6 kobold brigands
  3 phantoms
  3 bullfrogs
  Blork the orc (D:5)
  4 scorpions
  A gnoll sergeant (D:9)
  4 killer bees (D:7)
  4 howler monkeys
  3 jellies
  2 hounds
  5 orc priests
  Crazy Yiuf (D:7)
  An iguana (D:4)
  A sleepcap (D:5)
  2 gnoll boudas
  Ijyb (D:3)
  6 orc wizards
  Natasha (thrice) (D:4)
  12 gnolls
  12 adders
  2 river rats (Sewer)
  A shadow imp (D:5)
  A white imp (D:6)
  3 worms
  A dart slug (D:5)
  19 orcs
  7 ball pythons
  5 endoplasms
  5 giant cockroaches
  15 goblins
  5 hobgoblins
  7 jackals
  7 bats
  2 frilled lizards
  20 kobolds
  4 rats
205 creatures vanquished.

Notes
Turn   | Place    | Note
-------+----------+-------------------------------------------
     0 | D:1      | wormstring the Draconian Shapeshifter began the quest for
                  | the Orb.
     0 | D:1      | Reached XP level 1. HP: 16/16 MP: 1/1
   277 | D:1      | Reached XP level 2. HP: 18/23 MP: 2/2
   720 | D:2      | Reached XP level 3. HP: 14/28 MP: 3/3
  1032 | D:2      | Found Jovy's Distillery.
  1114 | D:2      | Reached XP level 4. HP: 24/36 MP: 4/4
  1449 | D:3      | Reached skill level 4 in Unarmed Combat
  1813 | D:3      | Reached XP level 5. HP: 38/41 MP: 5/5
  1875 | D:3      | Noticed Ijyb
  1896 | D:3      | Killed Ijyb
  2161 | D:4      | Noticed Natasha
  2164 | D:4      | Killed Natasha
  2255 | D:4      | Reached XP level 6. HP: 23/50 MP: 2/6
  2553 | D:4      | Found Dofigo Cabi's Antique Armour Shoppe.
  2615 | D:4      | Reached skill level 5 in Unarmed Combat
  2672 | D:4      | Noticed Natasha
  2681 | D:4      | Killed Natasha
  2712 | D:4      | Your scales start taking on a pale cyan-grey colour.
  2712 | D:4      | Reached XP level 7. HP: 57/57 MP: 7/7
  2712 | D:4      | Gained mutation: You are immune to the effects of steam.
                  | [Pale Draconian growth]
  2738 | D:4      | Noticed Natasha
  2746 | D:4      | Killed Natasha
  3158 | D:5      | Entered Level 5 of the Dungeon
  3221 | D:5      | Found a shimmering altar of Xom.
  3221 | D:5      | Found a shimmering altar of Xom.
  3221 | D:5      | Found a shimmering altar of Xom.
  3221 | D:5      | Found a shimmering altar of Xom.
  3221 | D:5      | Found a shimmering altar of Xom.
  3221 | D:5      | Found a shimmering altar of Xom.
  3221 | D:5      | Found a shimmering altar of Xom.
  3370 | D:5      | Reached skill level 5 in Shapeshifting
  3599 | D:5      | Noticed Blork the orc
  3618 | D:5      | Killed Blork the orc
  3812 | D:5      | Found a glowing drain.
  3830 | D:5      | Reached skill level 6 in Unarmed Combat
  3892 | Sewer    | Entered a sewer
  4068 | Sewer    | Reached XP level 8. HP: 38/66 MP: 5/8
  4237 | Sewer    | Found a white marble altar of Elyvilon.
  4387 | D:5      | Noticed a +0 dagger
  4388 | D:5      | Found a hide-covered altar of Uskayaw.
  4389 | D:5      | Noticed a +0 hand axe
  4697 | D:5      | Found a faded altar of an unknown god.
  4697 | D:5      | Found a faded altar of an unknown god.
  4699 | D:5      | Found a hazy altar of Hepliaklqana.
  5005 | D:6      | Found Durettem's Armour Boutique.
  5079 | D:6      | Reached skill level 7 in Unarmed Combat
  5269 | D:6      | Found a staircase to the Ecumenical Temple.
  5284 | D:6      | Found Plog's Book Shop.
  5291 | Temple   | Entered the Ecumenical Temple
  5301 | Temple   | Became a worshipper of the Shining One
  5810 | D:7      | Found Hegawed's Book Emporium.
  5811 | D:7      | Noticed a walking crystal tome
  5812 | D:7      | Noticed a walking earthen tome
  5836 | D:7      | Reached skill level 5 in Fighting
  5961 | D:7      | Bought an Inescapable Atlas for 208 gold pieces
  6147 | D:7      | Found Finonwon's Weapon Emporium.
  6156 | D:7      | Reached XP level 9. HP: 67/74 MP: 7/9
  6188 | D:7      | Paralysed by a hornet for 2 turns
  6483 | D:7      | Found Xapepp's Antique Weapon Boutique.
  6577 | D:7      | Reached skill level 8 in Unarmed Combat
  6747 | D:7      | Found a runed translucent door.
  6748 | D:7      | Noticed Crazy Yiuf
  6828 | D:7      | Found Sukkomuizu's Assorted Antiques.
  6831 | D:7      | Bought a scroll labelled ZUIXKI MUQYATT for 23 gold pieces
  6831 | D:7      | Bought an amethyst potion for 20 gold pieces
  6991 | D:7      | Killed Crazy Yiuf
  7166 | D:8      | Reached skill level 5 in Dodging
  7661 | D:8      | Found a blossoming altar of Fedhas.
  7661 | D:8      | Found a snail-covered altar of Cheibriados.
  7661 | D:8      | Found a burning altar of Makhleb.
  7670 | D:8      | Found an ancient bone altar of Kikubaaqudgha.
  7675 | D:8      | Found a shimmering blue altar of Sif Muna.
  7678 | D:8      | Found a radiant altar of Vehumet.
  7679 | D:8      | Found a bloodstained altar of Trog.
  7761 | D:9      | Found an ornate altar of the Wu Jian Council.
  7890 | D:9      | Reached * piety under the Shining One
  7891 | D:9      | Noticed a troll
  8122 | D:9      | Killed a troll
  8123 | D:9      | Reached skill level 9 in Unarmed Combat
  8123 | D:9      | Reached XP level 10. HP: 41/84 MP: 5/10
  8938 | D:9      | Noticed a cyclops
  8944 | D:9      | Killed a cyclops
  9317 | D:10     | Entered Level 10 of the Dungeon
  9420 | D:10     | Identified the +2 robe of Yredelemnul's Wrath {Rampage}
  9452 | D:10     | Found a staircase to the Orcish Mines.
  9606 | D:10     | Found a large runed translucent door.
  9607 | D:10     | Found a large runed translucent door.
  9955 | D:10     | Noticed a juvenile shocksting beast
  9966 | D:10     | Killed from afar by a juvenile shocksting beast

Illustrated notes

Levels and vault maps discovered:
D:1:      lemuel_arrival_broad_hall, layout_loops_ring
D:2:      layout_rooms, serial_shops, shop, chequers_serial_rivers_room_b,
          ebering_dispersal_statue_hall
D:3:      kennysheep_goblin_castle, layout_basic, hex_medium,
          minmay_fractal_squares_diagonal_5
D:4:      layout_rooms, st_stairs_5, nicolae_inconvenience_store,
          amcnicky_mini_rare_corridor_liquid, uniq_natasha
D:5:      layout_loops_cross, dancing_weapons_uskayaw,
          nicolae_hepliaklqana_ecumenical_no_more, nicolae_xom_altar_mimics,
          gup_sewer_entry_bowl, uniq_blork_the_orc
D:6:      cheibrodos_quashed, layout_loops_ring,
          minmay_temple_entry_sparse_star, serial_shops, shop,
          nicolae_shop_scrapyard
D:7:      layout_basic, serial_shops, nicolae_shop_bloodbath_and_beyond,
          nicolae_shop_hallway_stairs, shop, nicolae_shop_mannequins,
          uniq_crazy_yiuf_cottage
D:8:      layout_cave_pools, nicolae_overflow_hallway_of_the_gods,
          serial_park_tiny_pond
D:9:      layout_long_grid, lemuel_tele_altar
D:10:     layout_basic, jmf_multi_god_temple2, david_orc_1_choice,
          chequers_decorated_corner, nicolae_hexahallways, nicolae_beast_mode
Temple:   nicolae_temple_bog_church

Skill      XL: |  1  2  3  4  5  6  7  8  9 10 |
---------------+-------------------------------+-----
Dodging        | 2 3 4 5 6 |  6.1
Fighting       | 2 3 4 5 6 7 |  7.0
Unarmed Combat | 4 5 6 7 9 |  9.9
Shapeshifting  | 4 5 6 7 8 |  8.5

Action                     |  1- 3 |  4- 6 |  7- 9 | 10-12 || total
---------------------------+-------+-------+-------+-------++-------
  Melee: Unarmed           |    92 |   147 |   368 |    90 ||   697
         Tailslap          |     4 |    21 |    57 |    11 ||    93
         Punch             |     2 |     4 |    19 |    12 ||    37
Ability: Breathe Steam     |       |       |     2 |     1 ||     3
    Use: Potion            |       |     1 |     3 |       ||     4
         Scroll            |       |       |    12 |     2 ||    14
   Stab: Sleeping          |       |     1 |     1 |       ||     2
 Armour: Skin              |    29 |    57 |    84 |    14 ||   184
  Dodge: Dodged            |    58 |   104 |   227 |    55 ||   444

Table legend: (Time is in decaauts)
 A = Elapsed time spent in this place.
 B = Non-inter-level travel time spent in this place.
 C = Inter-level travel time spent in this place.
 D = Time resting spent in this place.
 E = Time spent auto-exploring this place.
 F = Levels seen in this place.
 G = Mean time per level.
                   A        B        C        D        E       F      G
               +--------+--------+--------+--------+--------+-----+--------+
         Total |   9943 |   9622 |    321 |    101 |   8053 |  12 |  828.6 |
       Dungeon |   9523 |   9208 |    315 |    101 |   7737 |  10 |  952.3 |
        Temple |     18 |     12 |      6 |      0 |      0 |   1 |   18.0 |
         Sewer |    401 |    401 |      0 |      0 |    316 |   1 |  401.0 |
               +--------+--------+--------+--------+--------+-----+--------+

Top non-repeatable levels by time:
     D:7: 1561 daAuts
     D:9: 1439 daAuts
     D:5: 1320 daAuts
     D:4: 998 daAuts
     D:3: 921 daAuts
     D:8: 715 daAuts
     D:6: 693 daAuts
     D:1: 670 daAuts
    D:10: 647 daAuts
     D:2: 555 daAuts
   Sewer: 401 daAuts
  Temple: 18 daAuts
